 Dungeon Crawl Stone Soup version 0.19.5 (webtiles) character file.

264 Kisielow the Slasher (level 5, -1/46 HPs)
             Began as a Minotaur Fighter on May 25, 2017.
             Slain by a gnoll
             ... wielding a +0 halberd
              (3 damage)
             ... on level 4 of the Dungeon.
             The game lasted 00:04:15 (2055 turns).

Kisielow the Slasher (Minotaur Fighter)             Turns: 2055, Time: 00:04:16

Health: -1/46      AC: 11    Str: 22    XL:     5   Next: 98%
Magic:  4/4        EV:  4    Int:  5    God:
Gold:   133        SH:  9    Dex:  9    Spells: 0 memorised, 4 levels left

rFire  . . .     SeeInvis .     a - +0 long sword
rCold  . . .     Gourm    .     x - +0 plate armour
rNeg   . . .     Faith    .     c - +0 shield
rPois  +         Spirit   .     (helmet restricted)
rElec  .         Reflect  .     (no cloak)
rCorr  .         Harm     .     (no gloves)
MR     .....                    (no boots)
Stlth  ..........               (no amulet)
                                (no ring)
                                t - ring of poison resistance

@: no status effects
A: retaliatory headbutt, horns 2
a: no special abilities


You were on level 4 of the Dungeon.
You were not hungry.

You visited 1 branch of the dungeon, and saw 4 of its levels.

You collected 133 gold pieces.

Inventory:

Hand Weapons
 a - a +0 long sword (weapon)
Armour
 c - a +0 shield (worn)
 x - a +0 plate armour (worn)
Jewellery
 t - a ring of poison resistance (left hand)
 w - a cursed ring of poison resistance
Scrolls
 i - a scroll of teleportation
 j - 4 scrolls of identify {unknown}
 l - a scroll of immolation {unknown}
 p - a scroll of remove curse {unknown}
 q - a scroll of enchant armour {unknown}
 r - a scroll of recharging {unknown}
 s - a scroll of magic mapping {unknown}
 y - a scroll of fog {unknown}
Potions
 b - a potion of brilliance {unknown}
 d - a potion of might
 e - 3 potions of invisibility {unknown}
 h - a potion of curing {unknown}
 m - a potion of berserk rage {unknown}
 n - a potion of mutation {unknown}
 o - a potion of resistance {unknown}
 u - a potion of agility {unknown}
 v - a potion of flight {unknown}
 z - a potion of haste {unknown}
Comestibles
 f - 3 bread rations
 g - 3 chunks of flesh
 k - 3 meat rations


   Skills:
 + Level 4.2 Fighting
 * Level 6.3 Long Blades
 + Level 4.2 Armour
 + Level 4.6 Shields


You had 4 spell levels left.
You didn't know any spells.

Dungeon Overview and Level Annotations

Branches:
Dungeon (4/15)
 Temple: D:4-7

Altars:


Innate Abilities, Weirdness & Mutations

You reflexively headbutt those who attack you in melee.
You have a pair of horns on your head.


Message History

You closely miss the gnoll.
The gnoll is moderately wounded.
The gnoll hits you but does no damage. x2
The gnoll hits you from afar with a halberd!
You hit the gnoll.
The gnoll is heavily wounded.
You block the gnoll's attack.
The gnoll hits you from afar with a halberd!
The gnoll hits you with a club.
The gnoll hits you from afar with a halberd.
You closely miss the gnoll. Your headbutt misses the gnoll.
The gnoll is heavily wounded.
You block the gnoll's attack.
The gnoll hits you from afar with a halberd!
* * * LOW HITPOINT WARNING * * *
You block the gnoll's attack. The gnoll hits you but does no damage.
You block the gnoll's attack. The gnoll barely misses you.
The gnoll hits you from afar with a halberd.
You die...

#########
##.......##
#.........
#.......
#...g.#
#....@#
##....#
#..ggg
##....#
##...#
#.... ##...
##...


You could see 4 gnolls.

Vanquished Creatures
  The ghost of siprus the Pure, a weakling DsAK of Lugonu (D:3)
  Ijyb (D:2)
  Terence (D:2)
  A hound skeleton (D:3)
  Robin (D:2)
  4 adders
  2 oozes
  11 dart slugs
  4 worms (D:3)
  2 leopard geckos
  5 giant cockroaches
  13 goblins
  4 hobgoblins (D:2)
  A quokka (D:2)
  3 ball pythons
  12 bats
  4 frilled lizards (D:2)
  7 kobolds
  6 rats
83 creatures vanquished.

Notes
Turn   | Place    | Note
-------+----------+-------------------------------------------
     0 | D:1      | Kisielow the Minotaur Fighter began the quest for the Orb.
     0 | D:1      | Reached XP level 1. HP: 19/19 MP: 0/0
    90 | D:1      | Reached skill level 3 in Long Blades
   113 | D:1      | Reached XP level 2. HP: 26/26 MP: 1/1
   291 | D:1      | Reached skill level 4 in Long Blades
   564 | D:2      | Reached XP level 3. HP: 26/31 MP: 2/2
   641 | D:2      | Noticed Ijyb
   651 | D:2      | Killed Ijyb
   651 | D:2      | Reached skill level 5 in Long Blades
   652 | D:2      | Reached XP level 4. HP: 23/39 MP: 3/3
   818 | D:2      | Noticed Terence
   832 | D:2      | Killed Terence
   892 | D:2      | Noticed Robin
   902 | D:2      | Killed Robin
   910 | D:2      | Reached skill level 6 in Long Blades
  1450 | D:3      | Noticed siprus's ghost (weakling DsAK)
  1456 | D:2      | Reached XP level 5. HP: 41/45 MP: 4/4
  1472 | D:3      | Killed siprus's ghost
  2054 | D:4      | HP: 2/46 [gnoll/halberd (14)]
  2055 | D:4      | Slain by a gnoll

Skill      XL: |  1  2  3  4  5 |
---------------+----------------+-----
Long Blades    | 3 4 5 6 |  6.3
Armour         | 4 |  4.2
Fighting       | 4 |  4.2
Shields        | 4 |  4.6

Action                   |  1- 3 |  4- 6 || total
-------------------------+-------+-------++-------
Melee: Long sword        |    66 |   142 ||   208
       Headbutt          |     8 |    25 ||    33
  Use: Scroll            |       |     1 ||     1
  Eat: Chunk             |       |     4 ||     4
Armor: Scale mail        |    38 |    33 ||    71
       Plate armour      |       |    16 ||    16
Dodge: Dodged            |    18 |    27 ||    45
Block: Shield            |    36 |    60 ||    96
       Rpst.: Long sword |     3 |     2 ||     5
